 Dungeon Crawl Stone Soup version 0.26-a0-597-gb535b0901c (webtiles) character file.

Game seed: 17964430669667523254

31885 wooftah the Brawler (level 13, -2/106 HPs)
             Began as a Troll Transmuter on Aug 31, 2020.
             Was a High Priest of Hepliaklqana.
             Slain by a killer bee (6 damage)
             ... on level 14 of the Dungeon.
             The game lasted 00:36:23 (14404 turns).

wooftah the Brawler (Troll Transmuter)             Turns: 14404, Time: 00:36:23

Health: -2/106     AC:  7    Str: 28    XL:     13   Next: 28%
Magic:  20/20      EV:  9    Int: 10    God:    Hepliaklqana [*****.]
Gold:   1059       SH: 13    Dex: 10    Spells: 15/23 levels left

rFire    + . .     SeeInvis .     - Unarmed
rCold    . . .     Faith    .   L - +2 kite shield {rF+}
rNeg     . . .     Spirit   .   K - +0 robe "Ixuklirio" {rPois MR+++ Regen+ Str-2}
rPois    +         Reflect  .   (helmet restricted)
rElec    .         Harm     .   C - +0 cloak
rCorr    .                      (gloves unavailable)
MR       +++..                  (boots unavailable)
Stlth    +.........             x - amulet of the acrobat
HPRegen  1.47/turn              b - ring of wizardry
MPRegen  0.17/turn              N - +6 ring of strength

@: lethally poisoned (-2 -> -2), wereblooded (expiring), lightly drained
A: large, unfitting armour, reduced essence, claws 3, mutation resistance 1,
regeneration 2, shaggy fur 1, tough skin 3
a: Recall Ancestor, Ancestor Identity, Transference, Idealise, Renounce Religion


You were on level 14 of the Dungeon.
You worshipped Hepliaklqana.
Hepliaklqana was extremely pleased with you.
You visited 2 branches of the dungeon, and saw 15 of its levels.

You collected 1059 gold pieces.

Inventory:

Missiles
 g - 16 javelins
 u - 38 poisoned darts (quivered)
 B - 4 throwing nets
 P - 12 large rocks
 Q - 3 atropa-tipped darts
 T - 4 silver boomerangs
Armour
 C - a +0 cloak (worn)
 E - a scarf of resistance
 K - the +0 robe "Ixuklirio" (worn) {rPois MR+++ Regen+ Str-2}
   (You found it on level 10 of the Dungeon)

   It affects your strength (-2).
   It protects you from poison.
   It affects your resistance to hostile enchantments.
   It increases your rate of regeneration.
 L - a +2 kite shield of fire resistance (worn)
Jewellery
 b - a ring of wizardry (left claw)
 j - an uncursed ring of positive energy
 p - an uncursed ring of fire
 x - an amulet of the acrobat (around neck)
 A - an uncursed ring of see invisible
 N - a +6 ring of strength (right claw)
 O - an uncursed ring of protection from magic
Wands
 f - a wand of digging (5)
 m - a wand of flame (51)
 H - a wand of iceblast (11)
 S - a wand of disintegration (12)
Scrolls
 c - 8 scrolls of teleportation
 e - 11 scrolls of remove curse
 i - 2 scrolls of holy word {unknown}
 n - 2 scrolls of noise {unknown}
 q - 3 scrolls of enchant weapon {unknown}
 r - 3 scrolls of amnesia {unknown}
 t - 2 scrolls of enchant armour {unknown}
 y - 2 scrolls of immolation {unknown}
 D - a scroll of magic mapping {unknown}
 F - a scroll of blinking {unknown}
 G - a scroll of silence {unknown}
 I - 2 scrolls of fear {unknown}
Potions
 d - 5 potions of might
 h - 3 potions of invisibility
 k - 9 potions of curing
 l - a potion of resistance
 o - a potion of heal wounds
 s - a potion of flight
 v - 4 potions of brilliance
 w - 2 potions of haste
 z - 2 potions of lignification
 M - a potion of cancellation
 R - a potion of berserk rage {unknown}


   Skills:
 * Level 5.3(5.2) Fighting
 * Level 2.4(2.3) Throwing
 - Level 1.5(1.4) Dodging
 * Level 7.8(7.7) Shields
 + Level 15.3(15.2) Unarmed Combat
 - Level 5.7(5.6) Spellcasting
 - Level 6.4(6.2) Transmutations


You had 15 spell levels left.
You knew the following spells:

 Your Spells              Type           Power        Failure   Level
a - Beastly Appendage     Tmut           ###...       1%          1
b - Wereblood             Tmut           ###.....     1%          2
c - Blade Hands           Tmut           ###.......   24%         5

Your spell library contained the following spells:

 Spells                   Type           Power        Failure   Level
 Spider Form              Tmut/Pois      #.........   10%         3
 Animate Skeleton         Necr           #.....       12%         1
 Apportation              Tloc           #.....       12%         1
 Corona                   Hex            #......      12%         1
 Magic Dart               Conj           #...         12%         1
 Pain                     Necr           #...         12%         1
 Summon Small Mammal      Summ           #...         12%         1
 Blink                    Tloc           N/A          17%         2
 Call Imp                 Summ           #.......     17%         2
 Slow                     Hex            #.......     17%         2
 Ice Form                 Ice/Tmut       #.......     30%         4
 Conjure Flame            Conj/Fire      #.......     32%         3
 Lesser Beckoning         Tloc           #.........   32%         3
 Mephitic Cloud           Conj/Pois/Air  #.......     32%         3
 Tukima's Dance           Hex            #.......     32%         3
 Vampiric Draining        Necr           #.........   32%         3
 Alistair's Intoxication  Tmut/Pois      #........    61%         5
 Animate Dead             Necr           #.........   71%         4
 Agony                    Necr           #.......     95%         5
 Summon Demon             Summ           #.........   95%         5
 Summon Forest            Summ/Tloc      #.........   95%         5
 Summon Mana Viper        Hex/Summ       #.......     95%         5
 Invisibility             Hex            #.......     100%        6
 Shadow Creatures         Summ           N/A          100%        6
 Summon Hydra             Summ           #.........   100%        7


Dungeon Overview and Level Annotations

Branches:
Dungeon (14/15)            Temple (1/1) D:4            Lair (0/6) D:11
    Orc (0/2) D:10
 Vaults: D:13-14

Altars:
Ashenzari
Cheibriados
Dithmenos
Elyvilon
Fedhas
Gozag
Hepliaklqana
Kikubaaqudgha
Makhleb
Nemelex Xobeh
Okawaru
Qazlal
Ru
Sif Muna
Trog
Uskayaw
Vehumet
Wu Jian
Xom
Yredelemnul
Zin
The Shining One

Shops:
D:10 (   D:14 [

Annotations:
D:3 exclusion: downstairs
D:8 exclusion: downstairs


Innate Abilities, Weirdness & Mutations

You are too large for most types of armour.
You have claws for hands.
You heal very quickly.
You are covered in fur. (AC +1)
You have extremely tough skin. (AC +3)
Your life essence is reduced to manifest your ancestor. (-10% HP)
You are somewhat resistant to further mutation.


Message History

You kill the killer bee!
Your horns disappear.
Your talons disappear.
Your primal bloodlust is almost over.
You feel sick. The killer bee completely misses you. The killer bee stings you.
* * * LOW HITPOINT WARNING * * *
You block the killer bee's attack.
The killer bee stings you but does no damage.
The killer bee completely misses you.
You closely miss the killer bee.
You howl as the wereblood boils in your veins!
You feel sick.
The killer bee stings you but does no damage.
You block the killer bee's attack. x2; The killer bee stings you!
* * * LOW HITPOINT WARNING * * *
The killer bee stings you.
* * * LOW HITPOINT WARNING * * *
The killer bee stings you!
* * * LOW HITPOINT WARNING * * *
The killer bee stings you.
You die...

..♣♣...♣≈≈♣. ♣ ..
#.##♣♣♣♣♣♣.♣ ♣.♣.### #.♣
♣♣###♣###♣.#.>... ###...#
.......#.......(. #
#...##.......#......... #
#...................!.# #
#......#..#..#..#...### #
#....#..#..#.y#y†#.... #
#.....#..#..#y@#....#
###.†....#..#..#yy#...####
.##....#..#..#..#..#......
..............)...........
.....†....##>.............
#...##....##..))..........
######....####.)..........
#.......................
#.........†.............


You could see 5 killer bees.

Vanquished Creatures
  Harold (D:7)
  A centaur warrior (D:13)
  2 tengu warriors
  Urug (D:11)
  3 skeletal warriors (D:12)
  2 unseen horrors
  Pikel (D:6)
  A wolf spider (D:14)
  An orc knight (D:13)
  A manticore (D:13)
  6 ugly things
  3 cyclopes
  A deep elf mage (D:12)
  3 gargoyles
  4 kobold demonologists
  A tengu conjurer (D:10)
  A komodo dragon (D:11)
  3 trolls
  7 slime creatures
  A hornet (D:12)
  6 hippogriffs
  3 meliai (D:13)
  2 wyverns
  9 yaks
  A shadow (D:12)
  Eustachio (D:6)
  3 wraiths
  2 basilisks (D:11)
  A steam dragon (D:11)
  Menkaure (D:4)
  Edmund (D:6)
  Duvessa (Temple)
  A water moccasin (shapeshifter) (D:13)
  8 orc warriors
  4 sky beasts
  2 black bears
  A phantom (D:5)
  3 ice beasts
  5 ogres
  The ghost of Sapher the Sneak, an amateur OpDe (D:7)
  11 centaurs
  A crocodile (D:11)
  3 big kobolds
  Blork the orc (D:6)
  8 bullfrogs
  A wyvern skeleton (D:13)
  Dowan (D:4)
  2 scorpions
  34 killer bees
  31 wights
  6 howler monkeys
  A bullfrog zombie (D:11)
  5 centaur skeletons
  6 hounds
  4 jellies
  10 orc priests
  2 iguanas (D:12)
  3 bullfrog skeletons
  Natasha (thrice) (D:4)
  9 orc wizards
  14 worker ants
  A hound zombie (D:6)
  A hound skeleton (D:9)
  3 worker ant zombies
  10 gnolls
  11 adders
  3 shadow imps
  A white imp (D:10)
  2 ufetubi
  An ooze (D:2)
  An adder zombie (D:9)
  4 adder skeletons
  2 worms
  A dart slug (D:3)
  5 leopard geckos
  55 orcs
  7 bats
  3 giant cockroaches
  16 hobgoblins
  14 jackals
  7 quokkas
  A ball python (D:1)
  3 frilled lizards
  10 goblins
  9 kobolds
  3 quokka skeletons
  4 rats (D:1)
434 creatures vanquished.

Vanquished Creatures (collateral kills)
  A cyclops (D:11)
  An ugly thing (D:12)
  A slime creature (D:13)
  A yak (D:10)
  A basilisk (D:11)
  An ogre (D:5)
  A centaur (D:8)
  A bullfrog (D:10)
  2 killer bees (D:14)
  2 wights
  An orc priest (D:7)
  A bullfrog skeleton (D:4)
  6 orcs
  A hobgoblin (D:13)
  6 kobolds
27 creatures vanquished.

Vanquished Creatures (others)
  A tengu conjurer (D:13)
  12 hexers
  An ancestor (D:6)
14 creatures vanquished.

Grand Total: 475 creatures vanquished

Notes
Turn   | Place    | Note
-------+----------+-------------------------------------------
     0 | D:1      | wooftah the Troll Transmuter began the quest for the Orb.
     0 | D:1      | Reached XP level 1. HP: 18/18 MP: 1/1
   403 | D:1      | Reached XP level 2. HP: 26/26 MP: 0/3
   462 | D:1      | Learned a level 2 spell: Wereblood
   903 | D:2      | Reached XP level 3. HP: 31/32 MP: 2/4
  1183 | D:2      | Found a sparkling altar of Nemelex Xobeh.
  1400 | D:3      | Reached XP level 4. HP: 40/40 MP: 3/5
  1429 | D:3      | Found a white marble altar of Elyvilon.
  1498 | D:3      | Reached skill level 4 in Unarmed Combat
  1533 | D:3      | Found a glowing golden altar of the Shining One.
  1764 | D:3      | Found a hazy altar of Hepliaklqana.
  2241 | D:4      | Noticed Duvessa
  2241 | D:4      | Noticed Dowan
  2324 | D:4      | Found a basalt altar of Yredelemnul.
  2325 | D:4      | Found an ancient bone altar of Kikubaaqudgha.
  2325 | D:4      | Noticed Menkaure
  2368 | D:4      | Noticed Natasha
  2377 | D:4      | Killed Natasha
  2377 | D:4      | Reached skill level 1 in Fighting
  2377 | D:4      | Reached XP level 5. HP: 46/48 MP: 4/7
  2405 | D:4      | Found a transporter.
  2407 | D:4      | Found a transporter.
  2556 | D:4      | Noticed Natasha
  2570 | D:4      | Killed Natasha
  2573 | D:4      | Killed Dowan
  2573 | D:4      | Reached skill level 5 in Unarmed Combat
  2573 | D:4      | Reached XP level 6. HP: 53/55 MP: 6/8
  2703 | D:3      | Gained mutation: Armour fits poorly on your strangely
                  | shaped body. [potion of mutation]
  2703 | D:3      | Gained mutation: You are partially covered in molten
                  | scales. (AC +2) [potion of mutation]
  2704 | D:3      | Lost mutation: Armour fits poorly on your strangely shaped
                  | body. [potion of mutation]
  2704 | D:3      | Lost mutation: You are partially covered in molten scales.
                  | (AC +2) [potion of mutation]
  2704 | D:3      | Gained mutation: You evolve. [potion of mutation]
  2704 | D:3      | Gained mutation: You are dopey. (Int -2) [potion of
                  | mutation]
  2704 | D:3      | Lost mutation: You are dopey. (Int -2) [potion of mutation]
  2834 | D:4      | Found a staircase to the Ecumenical Temple.
  2849 | Temple   | Entered the Ecumenical Temple
  2858 | Temple   | Killed Duvessa
  2995 | D:4      | Noticed Natasha
  3002 | D:4      | Killed Natasha
  3080 | D:3      | Became a worshipper of Hepliaklqana the Forgotten
  3160 | D:4      | Killed Menkaure
  3160 | D:4      | Reached XP level 7. HP: 25/55 MP: 5/9
  3234 | D:4      | Gained mutation: Armour fits poorly on your strangely
                  | shaped body. [evolution]
  3234 | D:4      | Lost mutation: You evolve. [end of evolution]
  3236 | D:4      | Learned a level 5 spell: Blade Hands
  3236 | D:4      | Lost mutation: Armour fits poorly on your strangely shaped
                  | body. [potion of mutation]
  3236 | D:4      | Gained mutation: You are agile. (Dex +2) [potion of
                  | mutation]
  3236 | D:4      | Gained mutation: You tend to lose your temper in combat.
                  | [potion of mutation]
  3236 | D:4      | Gained mutation: You passively map a small area around you.
                  | [potion of mutation]
  3236 | D:4      | Gained mutation: You heal very quickly. [potion of
                  | mutation]
  3237 | D:4      | Lost mutation: You tend to lose your temper in combat.
                  | [potion of mutation]
  3237 | D:4      | Lost mutation: You passively map a small area around you.
                  | [potion of mutation]
  3237 | D:4      | Lost mutation: You are agile. (Dex +2) [potion of mutation]
  3237 | D:4      | Gained mutation: You are somewhat resistant to further
                  | mutation. [potion of mutation]
  3355 | D:5      | Entered Level 5 of the Dungeon
  3363 | D:5      | Reached skill level 6 in Unarmed Combat
  3674 | D:5      | Reached skill level 7 in Unarmed Combat
  3674 | D:5      | Reached XP level 8. HP: 63/63 MP: 8/11
  3993 | D:5      | Reached * piety under Hepliaklqana
  4301 | D:6      | Noticed Blork the orc
  4307 | D:6      | Killed Blork the orc
  4367 | D:6      | Noticed Eustachio
  4384 | D:6      | Killed Eustachio
  4447 | D:6      | Noticed Edmund
  4454 | D:6      | Killed Edmund
  4454 | D:6      | Reached skill level 8 in Unarmed Combat
  4812 | D:6      | Noticed Pikel
  4822 | D:6      | Killed Pikel
  4822 | D:6      | Reached skill level 5 in Transmutations
  4822 | D:6      | Reached XP level 9. HP: 72/72 MP: 13/13
  5051 | D:7      | Reached ** piety under Hepliaklqana
  5052 | D:7      | Remembered your ancestor Ahumratum as a hexer
  5135 | D:7      | Reached skill level 9 in Unarmed Combat
  5160 | D:7      | Found a runed translucent door.
  5217 | D:7      | Noticed Sapher's ghost (amateur OpDe)
  5228 | D:7      | Noticed Harold
  5246 | D:7      | Killed Harold
  5444 | D:7      | Reached skill level 10 in Unarmed Combat
  5468 | D:7      | Reached XP level 10. HP: 53/79 MP: 16/16
  5894 | D:7      | Killed Sapher's ghost
  6514 | D:9      | Reached skill level 5 in Spellcasting
  6756 | D:9      | Found an opulent altar of Gozag.
  6947 | D:9      | Reached *** piety under Hepliaklqana
  6973 | D:9      | Found a shimmering blue altar of Sif Muna.
  7554 | D:9      | Found a bloodstained altar of Trog.
  7681 | D:10     | Entered Level 10 of the Dungeon
  7722 | D:10     | Reached skill level 11 in Unarmed Combat
  8114 | D:10     | Found a stormy altar of Qazlal.
  8129 | D:10     | Found Koriera's Weapon Boutique.
  8193 | D:10     | Reached skill level 1 in Throwing
  8342 | D:10     | Got a slimy robe
  8353 | D:10     | Identified the +0 robe "Ixuklirio" {rPois MR+++ Regen+
                  | Str-2} (You found it on level 10 of the Dungeon)
  8428 | D:10     | Found a staircase to the Orcish Mines.
  8690 | D:10     | Noticed a tengu warrior
  8706 | D:10     | Killed a tengu warrior
  8706 | D:10     | Reached XP level 11. HP: 40/87 MP: 11/18
  9198 | D:11     | Reached skill level 1 in Shields
  9198 | D:11     | Reached skill level 12 in Unarmed Combat
  9367 | D:11     | Noticed an unseen horror
  9389 | D:11     | Killed an unseen horror
  9461 | D:11     | Noticed a cyan ugly thing
  9477 | D:11     | Killed a cyan ugly thing
  9713 | D:11     | Noticed Urug
  9733 | D:11     | Killed Urug
  9835 | D:11     | Found a shadowy altar of Dithmenos.
 10034 | D:11     | Found a staircase to the Lair.
 10171 | D:11     | Reached **** piety under Hepliaklqana
 10414 | D:11     | Noticed a red ugly thing
 10425 | D:11     | Killed a red ugly thing
 10425 | D:11     | Reached skill level 13 in Unarmed Combat
 10598 | D:12     | Noticed a brown ugly thing
 10611 | D:12     | Killed a brown ugly thing
 11152 | D:12     | Reached XP level 12. HP: 97/98 MP: 19/19
 11563 | D:12     | Reached skill level 5 in Shields
 12031 | D:13     | Reached skill level 14 in Unarmed Combat
 12112 | D:13     | Noticed a centaur warrior
 12125 | D:13     | Killed a centaur warrior
 12512 | D:13     | Noticed a tengu warrior
 12527 | D:13     | Killed a tengu warrior
 12862 | D:13     | Reached skill level 5 in Fighting
 13174 | D:13     | Reached XP level 13. HP: 61/106 MP: 13/20
 13325 | D:13     | Reached skill level 15 in Unarmed Combat
 13487 | D:13     | Reached ***** piety under Hepliaklqana
 14036 | D:14     | Found Ticsesch's Armour Shoppe.
 14404 | D:14     | HP: 4/106 [killer bee (7)]
 14404 | D:14     | Slain by a killer bee

Illustrated notes

Levels and vault maps discovered:
D:1:      dpeg_arrival_subterranean_lakeside_camping, layout_basic
D:2:      layout_rooms, nemelex_lonely_heart_becter
D:3:      layout_basic, lemuel_doored_altar, old_standard_altar,
          elyvilon_altar_1, minmay_misc_feat_tower
D:4:      layout_cave_pools, gammafunk_temple_of_torment,
          minmay_temple_entry_glassed_door, uniq_duvessa, uniq_natasha
D:5:      layout_basic, kennysheep_generic_room_7
D:6:      layout_basic, uniq_blork_the_orc, uniq_pikel, uniq_edmund,
          uniq_eustachio
D:7:      layout_rooms, ebering_ghost_reflecting_pool, minmay_strange_pillars,
          uniq_harold
D:8:      layout_rooms, grunt_decor_one_mirror
D:9:      layout_basic, lemuel_coloured_pillars_altar,
          nicolae_gozag_seed_capital, trog_book
D:10:     layout_roguey, hiddenorc2_lemuel, serial_shops, shop,
          grunt_decor_clamped, nicolae_qazlal_general_emergency
D:11:     layout_irregular_city, erik_lair_dragon, lemuel_statue_altar,
          uniq_urug
D:12:     layout_loops_corners
D:13:     cheibrodos_orc_bank, layout_long_grid
D:14:     wad_woods_minihive, layout_basic, grunt_vaults_entry_tiered,
          serial_shops, shop, minmay_misc_feat_diagonals,
          nicolae_trove_entry_crystal, uniq_josephine
Temple:   eino_wide_crystal_templ

Skill      XL: |  1  2  3  4  5  6  7  8  9 10 11 12 13 |
---------------+----------------------------------------+-----
Transmutations | 2 3 5 6 |  6.4
Unarmed Combat | 4 5 7 8 10 11 13 14 15 | 15.3
Fighting       | 1 2 3 4 5 |  5.3
Spellcasting   | 2 3 4 5 |  5.7
Throwing       | 1 2 |  2.4
Shields        | 4 7 |  7.8
Dodging        | |  1.5

Action                   |  1- 3 |  4- 6 |  7- 9 | 10-12 | 13-15 || total
-------------------------+-------+-------+-------+-------+-------++-------
Melee: Unarmed           |    81 |    83 |   166 |   697 |   164 ||  1191
       Kick              |    13 |    12 |    39 |    90 |    22 ||   176
       Headbutt          |     6 |     7 |    24 |    64 |    12 ||   113
       Punch             |     1 |     1 |     7 |    11 |       ||    20
Throw: Javelin           |       |       |     1 |     3 |       ||     4
       Dart              |       |       |       |     7 |       ||     7
       Large rock        |       |       |       |     6 |       ||     6
 Cast: Beastly Appendage |    27 |    17 |    22 |    57 |     7 ||   130
       Wereblood         |       |     1 |    18 |    42 |     9 ||    70
       Blade Hands       |       |       |       |     5 |     4 ||     9
Invok: Ancestor Life: He |       |       |     1 |       |       ||     1
       Recall Ancestor   |       |       |       |     4 |       ||     4
  Use: Scroll            |       |     3 |     1 |     9 |     1 ||    14
       Potion            |       |     2 |     2 |     3 |       ||     7
 Stab: Distracted        |       |       |     1 |     7 |     1 ||     9
       Confused          |       |       |       |     3 |     3 ||     6
       Sleeping          |       |       |       |     1 |       ||     1
Armor: Robe              |    36 |    30 |    30 |   137 |    42 ||   275
Dodge: Dodged            |    30 |    49 |    96 |   285 |    89 ||   549
Block: Kite shield       |       |       |       |   197 |   135 ||   332

Table legend: (Time is in decaauts)
 A = Elapsed time spent in this place.
 B = Non-inter-level travel time spent in this place.
 C = Inter-level travel time spent in this place.
 D = Time resting spent in this place.
 E = Time spent auto-exploring this place.
 F = Levels seen in this place.
 G = Mean time per level.
                   A        B        C        D        E       F      G
               +--------+--------+--------+--------+--------+-----+--------+
         Total |  14210 |  13386 |    824 |   2274 |   8230 |  15 |  947.3 |
       Dungeon |  14089 |  13273 |    816 |   2214 |   8189 |  14 | 1006.4 |
        Temple |    121 |    113 |      8 |     60 |     41 |   1 |  121.0 |
               +--------+--------+--------+--------+--------+-----+--------+

Top non-repeatable levels by time:
    D:12: 2149 daAuts
    D:11: 1370 daAuts
    D:13: 1273 daAuts
     D:9: 1246 daAuts
    D:10: 1133 daAuts
     D:3: 1062 daAuts
     D:7: 964 daAuts
     D:5: 895 daAuts
     D:1: 881 daAuts
     D:6: 876 daAuts
     D:4: 775 daAuts
     D:8: 585 daAuts
     D:2: 502 daAuts
    D:14: 373 daAuts
  Temple: 121 daAuts
